 Dungeon Crawl Stone Soup version 0.26-b1-32-g5d43845318 (webtiles) character file.

Game seed: 14433780707595089685

9 Dirian the Caller (level 2, 0/20 HPs)
             Began as a Formicid Summoner on Jan 9, 2021.
             Slain by a gnoll (3 damage)
             ... on level 1 of the Dungeon.
             The game lasted 00:03:19 (910 turns).

Dirian the Caller (Formicid Summoner)                Turns: 910, Time: 00:03:19

Health: 0/20       AC:  5    Str: 12    XL:     2   Next: 25%
Magic:  5/5        EV: 10    Int: 14    God:
Gold:   92         SH:  0    Dex: 11    Spells: 4/5 levels left

rFire    . . .     SeeInvis +   c - +0 club
rCold    . . .     Faith    .   (no shield)
rNeg     . . .     Spirit   .   d - +0 ring mail
rPois    .         Reflect  .   (helmet unavailable)
rElec    .         Harm     .   (no cloak)
rCorr    .         Rampage  .   (no gloves)
Will     .....                  (no boots)
Stlth    +.........             (no amulet)
HPRegen  0.06/turn              (no ring)
MPRegen  0.09/turn              (no ring)

@: no status effects
A: permanent stasis, dig shafts and tunnels, four strong arms, antennae 3
a: Dig, Shaft Self


You were on level 1 of the Dungeon.
You visited 1 branch of the dungeon, and saw 1 of its levels.

You collected 92 gold pieces.

Inventory:

Hand Weapons
 c - a +0 club (weapon)
Missiles
 a - 65 sling bullets
 f - 26 stones
Armour
 d - a +0 ring mail (worn)
 k - a +0 chain mail
Jewellery
 l - an uncursed ring of positive energy {unknown}
Scrolls
 b - a scroll of fog {unknown}
 e - 2 scrolls of enchant armour {unknown}
 g - a scroll of teleportation {unknown}
 h - a scroll of random uselessness {unknown}
 i - a scroll of immolation {unknown}
Potions
 j - a potion of might {unknown}


   Skills:
 + Level 0.9 Fighting
 + Level 1.1 Maces & Flails
 + Level 0.6 Armour
 - Level 1.7 Dodging
 - Level 2.4 Stealth
 - Level 2.1 Spellcasting
 - Level 4.0 Summonings


You had 4 spell levels left.
You knew the following spells:

 Your Spells              Type           Power        Failure   Level
a - Summon Small Mammal   Summ           48%          11%         1

Your spell library contained the following spells:

 Spells                   Type           Power        Failure   Level
 Call Imp                 Summ           12%          16%         2
 Call Canine Familiar     Summ           12%          30%         3
 Summon Guardian Golem    Hex/Summ       7%           56%         3
 Summon Ice Beast         Ice/Summ       7%           93%         4
 Summon Lightning Spire   Summ/Air       7%           93%         4


Dungeon Overview and Level Annotations

Branches:
Dungeon (1/15)

Altars:


Innate Abilities, Weirdness & Mutations

You cannot be hasted, slowed, berserked, paralysed or teleported.
You can dig through walls and to a lower floor.
Your four strong arms can wield two-handed weapons with a shield.
You have a pair of large antennae on your head. (SInv)


Message History

A gnoll is nearby!
The gnoll hits you.
You are too injured to fight recklessly!
You are too injured to fight recklessly!
You are too injured to fight recklessly!
You are too injured to fight recklessly!
You are too injured to fight recklessly!
You are too injured to fight recklessly!
You are too injured to fight recklessly!
You are too injured to fight recklessly!
You are too injured to fight recklessly!
You are too injured to fight recklessly!
You hit the gnoll but do no damage. The gnoll barely misses you.
You hit the gnoll but do no damage. The gnoll hits you.
You completely miss the gnoll. The gnoll barely misses you. The gnoll hits you!
* * * LOW HITPOINT WARNING * * *
You hit the gnoll but do no damage. The gnoll hits you.
* * * LOW HITPOINT WARNING * * *
You closely miss the gnoll. The gnoll hits you.
You die...

##.....## #######
.... #..# #. #..#
. #. #..# .#
#####. #..# ..#
......###..# ...#
.......(...#....#
#).......@g......
..........#..#..#
#.##....### ....
#.##.##.# #.##
#.##.##.### ..
#.#.......# #
#.#.###.#.# ###
###.#.###.#.#
..####...#.....#.#


You could see a gnoll.

Vanquished Creatures
  2 kobolds (D:1)
  5 bats (D:1)
  2 frilled lizards (D:1)
  A rat (D:1)
10 creatures vanquished.

Vanquished Creatures (collateral kills)
  A hobgoblin (D:1)
1 creature vanquished.

Grand Total: 11 creatures vanquished

Notes
Turn   | Place    | Note
-------+----------+-------------------------------------------
     0 | D:1      | Dirian the Formicid Summoner began the quest for the Orb.
     0 | D:1      | Reached XP level 1. HP: 13/13 MP: 3/3
   651 | D:1      | Reached XP level 2. HP: 17/20 MP: 5/5
   767 | D:1      | Reached skill level 1 in Maces & Flails
   910 | D:1      | Slain by a gnoll

Illustrated notes

Levels and vault maps discovered:
D:1:      lightli_arrival_statue_moat, layout_basic

Skill      XL: |  1  2 |
---------------+-------+-----
Maces & Flails | 1 |  1.1
Fighting       | |  0.9
Armour         | |  0.6
Dodging        | |  1.7
Stealth        | |  2.4
Spellcasting   | |  2.1
Summonings     | |  4.0

Action                   || total
-------------------------++-------
Melee: Club              ||    36
       Unarmed           ||    14
 Cast: Summon Small Mamm ||     1
 Stab: Sleeping          ||     1
Armor: Ring mail         ||    16
Dodge: Dodged            ||    31
